 Dungeon Crawl Stone Soup version 0.31-a0-853-gc9b61b78f7 (webtiles) character file.

Game seed: 16975380507956665353

115 CrazyBamboolord the Trooper (level 5, -3/55 HPs)
             Began as an Ogre Fighter on Oct 8, 2023.
             Killed from afar by an orc wizard (7 damage)
             ... with a magic dart
             ... on level 3 of the Dungeon.
             The game lasted 00:04:10 (1470 turns).

CrazyBamboolord the Trooper (Ogre Fighter)          Turns: 1470, Time: 00:04:11

Health: -3/55      AC:  3    Str: 28    XL:     5   Next: 0%
Magic:  5/5        EV: 14    Int:  9    God:
Gold:   58         SH:  8    Dex: 13    Spells: 4/4 levels left

rFire   + . .        n - +10 whip "Waollaa" {freeze, rF+ Dex+5}
rCold   . . .        c - +0 kite shield
rNeg    . . .        b - +0 robe
rPois   .            (helmet restricted)
rElec   .            (no cloak)
rCorr   .            (gloves unavailable)
SInv    .            (boots unavailable)
Will    .....        (no amulet)
Stlth   +            l - +5 ring of evasion
HPRegen 0.29/turn    k - +6 ring of strength
MPRegen 0.09/turn

%: no passive effects
@: mighty, about to teleport
A: large, unfitting armour, tough skin 1
a: no special abilities


You were on level 3 of the Dungeon.
You visited 1 branch of the dungeon, and saw 3 of its levels.

You collected 58 gold pieces.

Inventory:

Hand Weapons
 a - a +0 war axe
 n - the +10 whip "Waollaa" (weapon) {freeze, rF+ Dex+5}
   (You found it on level 2 of the Dungeon)

   Dex+5:     It affects your dexterity (+5).
   rF+:       It protects you from fire.
Missiles
 f - 2 large rocks (quivered)
Armour
 b - a +0 robe (worn)
 c - a +0 kite shield (worn)
Jewellery
 e - a ring of protection from cold
 k - a +6 ring of strength (right hand)
 l - a +5 ring of evasion (left hand)
Scrolls
 h - a scroll of immolation {unknown}
 i - 3 scrolls of teleportation
 j - a scroll of enchant armour
 m - a scroll of blinking {unknown}
Potions
 d - a potion of might
 g - 2 potions of brilliance


   Skills:
 * Level 4.9 Fighting
 * Level 2.8 Axes
 * Level 1.4 Throwing
 * Level 3.3 Dodging
 * Level 3.6 Shields


You had 4 spell levels left.
You didn't know any spells.
Your spell library contained the following spells:

 Spells                   Type           Power      Damage    Failure   Level
 Freeze                   Ice            0%         1d3       61%         1
 Frozen Ramparts          Ice            0%         1d1       93%         3
 Hailstorm                Conj/Ice       0%         3d3       93%         3
 Vhi's Electric Charge    Tloc/Air       0%         N/A       100%        4
 Arcjolt                  Conj/Air       0%         1d10      100%        5
 Plasma Beam              Fire/Air       0%         2x1d10    100%        6


Dungeon Overview and Level Annotations

Branches:
Dungeon (3/15)

Altars:


Innate Abilities, Weirdness & Mutations

You are too large for most types of armour.
You have tough skin. (AC +1)


Message History

The giant cockroach completely misses you.
You miss something. The giant cockroach closely misses you. Something hits you.
You're too confused to move!
The giant cockroach misses you. Something hits you.
The giant cockroach barely misses you.
You miss something. Something hits you but does no damage.
The giant cockroach barely misses you.
You closely miss something.
You feel less confused.
You hear some strange, mumbled words.
A puff of flame appears from out of thin air!
You block the puff of flame.
The giant cockroach completely misses you.
You hear some strange, mumbled words.
A magic dart appears from out of thin air!
The magic dart hits you!
* * * LOW HITPOINT WARNING * * *
You hit something but do no damage.
The giant cockroach waves its antennae.
The giant cockroach barely misses you. You block the giant cockroach's attack.
You hear some strange, mumbled words.
A magic dart appears from out of thin air!
The magic dart hits you!
* * * LOW HITPOINT WARNING * * *
You feel very mighty all of a sudden.
The giant cockroach bites you but does no damage.
Something hits you.
* * * LOW HITPOINT WARNING * * *
Unknown command.
Okay, then.
As you read the scroll of teleportation, it crumbles to dust.
You feel strangely unstable.
The giant cockroach bites you but does no damage.
Something hits you.
* * * LOW HITPOINT WARNING * * *
Unknown command.
You completely miss something. You block the giant cockroach's attack.
You hear some strange, mumbled words.
A magic dart appears from out of thin air!
The magic dart hits you!
You die...

#.#####)..#
#>..#####
#.......#
#...###.##.#.
.#####............
...........)...#
.##.#..####...#
#...KB.# ..#
#$#..#@# .#
#.#.g#{# # #
#.)#o# #.)..#
#.#..# #.#..#
#.#... ......# ##
....


You could see an orc, a giant cockroach and a kobold.

Vanquished Creatures
  An orc priest (D:3)
  A hound (D:2)
  An adder (D:2)
  2 orcs (D:3)
  5 bats
  6 endoplasms
  2 giant cockroaches
  A goblin (D:1)
  8 hobgoblins
  3 kobolds
  4 ball pythons
  4 frilled lizards
  5 rats
43 creatures vanquished.

Notes
Turn   | Place    | Note
-------+----------+-------------------------------------------
     0 | D:1      | CrazyBamboolord the Ogre Fighter began the quest for the
                  | Orb.
     0 | D:1      | Reached XP level 1. HP: 24/24 MP: 1/1
   306 | D:1      | Reached XP level 2. HP: 30/32 MP: 2/2
   652 | D:1      | Reached XP level 3. HP: 40/40 MP: 3/3
  1008 | D:2      | Identified the +10 whip "Waollaa" {freeze, rF+ Dex+5}
  1333 | D:2      | Reached skill level 1 in Throwing
  1333 | D:2      | Reached XP level 4. HP: 49/49 MP: 4/4
  1455 | D:3      | Reached XP level 5. HP: 38/55 MP: 5/5
  1470 | D:3      | Killed from afar by an orc wizard

Illustrated notes

Levels and vault maps discovered:
D:1:      matt_arrival_spirals, layout_loops_cross
D:2:      layout_basic, minmay_pentomino_s4
D:3:      layout_loops_ring, mainiacjoe_overflow_alcove_1,
          gammafunk_ghost_necromancy, uniq_grinder

Skill      XL: |  1  2  3 |
---------------+----------+-----
Dodging        | 3 |  3.3
Throwing       | 1 |  1.4
Fighting       | |  4.9
Axes           | |  2.8
Shields        | |  3.6

Action                     |  1- 3 |  4- 6 || total
---------------------------+-------+-------++-------
  Melee: War axe           |    80 |       ||    80
         Whip              |    10 |    26 ||    36
  Throw: Large rock        |     2 |       ||     2
    Use: Scroll            |     3 |     2 ||     5
         Potion            |       |     1 ||     1
   Stab: Sleeping          |       |     2 ||     2
 Armour: Robe              |    55 |    23 ||    78
  Dodge: Dodged            |    53 |    16 ||    69
  Block: Kite shield       |    34 |    13 ||    47

Table legend: (Time is in decaauts)
 A = Elapsed time spent in this place.
 B = Non-inter-level travel time spent in this place.
 C = Inter-level travel time spent in this place.
 D = Time resting spent in this place.
 E = Time spent auto-exploring this place.
 F = Levels seen in this place.
 G = Mean time per level.
                   A        B        C        D        E       F      G
               +--------+--------+--------+--------+--------+-----+--------+
         Total |   1515 |   1486 |     29 |      0 |   1163 |   3 |  505.0 |
       Dungeon |   1515 |   1486 |     29 |      0 |   1163 |   3 |  505.0 |
               +--------+--------+--------+--------+--------+-----+--------+

Top non-repeatable levels by time:
     D:1: 884 daAuts
     D:2: 582 daAuts
     D:3: 48 daAuts
